AoeStats
← leyleyshow

Arena

509977379Analyzed
3v3 RM · 4d ago on Sep 28, 2026· 52m 32s· 6 players
Game mode
Random Map
Map size
Normal (6 player)
Population
200
Speed
Normal
Resources
Standard
Victory
Conquest
Starting age
Dark Age
Ending age
Imperial Age
RankedLock teamsTeams togetherTeam positionsShared explorationLock speedFull tech treeHidden civsTurbo modeCheats
Victory
Defeat
🇧🇷 Teutons · Brazil
1031
+15
🇧🇷 Khmer · Brazil
990
+17
🇧🇷 Persians · Brazil
974
+17
🇦🇷 Byzantines · Argentina
1045
-18
🇦🇷 Romans · Argentina
993
-16
🇦🇷 Khmer · Argentina
973
-15
leyleyshow
11:07 Feudal Age
13:47 Castle Age
11:55 Double-Bit Axe
12:10 Horse Collar
15:54 Bow Saw
21:35 Wheelbarrow
20:46 Loom
20:46 Town Watch
23:37 Gold Mining
24:21 Hand Cart
24:07 Town Patrol
24:13 Heavy Plow
24:37 Hand Cart
28:53 Imperial Age
26:36 Stone Mining
27:23 Gold Shaft Mining
27:29 Ballistics
28:18 Stone Shaft Mining
29:39 Caravan
30:13 Coinage
32:53 Banking
34:04 Heavy Scorpion
36:35 Onager
37:11 Fletching
37:22 Padded Archer Armor
38:29 Chemistry
38:23 Conscription
38:04 Tusk Swords
38:10 Double Crossbow
38:55 Bodkin Arrow
39:37 Bracer
41:03 Leather Archer Armor
40:58 Heated Shot
41:18 Masonry
42:43 Husbandry
42:54 Bloodlines
44:27 Elite Ballista Elephant
45:53 Architecture
45:18 Murder Holes
45:32 Siege Engineers
45:57 Architecture
45:23 Murder Holes
46:26 Hoardings
45:23 Sappers
jão
11:32 Feudal Age
12:48 Wheelbarrow
15:22 Castle Age
13:36 Double-Bit Axe
15:03 Gold Mining
16:28 Bow Saw
16:09 Horse Collar
19:04 Gold Shaft Mining
21:11 Heavy Plow
23:51 Stone Mining
25:03 Hand Cart
26:11 Stone Shaft Mining
32:12 Imperial Age
30:32 Husbandry
30:44 Bloodlines
31:25 Scale Barding Armor
31:30 Forging
32:07 Kamandaran
32:14 Elite War Elephant
33:21 Conscription
33:30 Chain Barding Armor
33:46 Iron Casting
37:19 Two-Man Saw
36:51 Crop Rotation
39:02 Plate Barding Armor
51:54 Blast Furnace
FIFI
11:27 Feudal Age
12:04 Horse Collar
12:12 Double-Bit Axe
18:59 Castle Age
18:58 Forging
18:49 Scale Mail Armor
18:12 Man-at-Arms
18:43 Arson
19:22 Long Swordsman
19:48 Gambesons
20:35 Squires
21:10 Heavy Plow
25:25 Iron Casting
27:49 Chain Mail Armor
28:57 Bow Saw
34:19 Wheelbarrow
38:18 Imperial Age
38:47 Onager
41:19 Blast Furnace
40:49 Plate Mail Armor
41:10 Elite Teutonic Knight
43:51 Chemistry
43:15 Ballistics
47:01 Crenellations
48:34 Cavalier
49:24 Bloodlines
TOMASMILONGA
10:42 Feudal Age
9:12 Loom
10:57 Man-at-Arms
12:05 Double-Bit Axe
13:06 Horse Collar
22:29 Castle Age
21:09 Scale Mail Armor
21:20 Forging
22:52 Gold Mining
25:39 Wheelbarrow
25:07 Padded Archer Armor
27:33 Gold Shaft Mining
27:34 Arson
29:00 Bow Saw
28:53 Heavy Plow
29:41 Fletching
34:06 Imperial Age
33:09 Leather Archer Armor
32:49 Bodkin Arrow
32:22 Crossbowman
33:09 Thumb Ring
34:25 Arbalester
38:12 Two-Man Saw
41:13 Chemistry
40:34 Ballistics
41:53 Stone Mining
43:24 Conscription
43:38 Crop Rotation
44:08 Iron Casting
43:39 Scale Barding Armor
43:29 Light Cavalry
44:10 Husbandry
45:07 Hussar
50:50 Block Printing
50:48 Redemption
51:49 Theocracy
DON JULIO
11:53 Feudal Age
17:27 Castle Age
15:22 Man-at-Arms
16:12 Horse Collar
16:24 Double-Bit Axe
17:52 Scale Mail Armor
19:04 Long Swordsman
20:46 Squires
21:34 Forging
24:24 Chain Mail Armor
24:46 Iron Casting
26:47 Loom
27:24 Bow Saw
32:49 Pikeman
33:26 Pikeman
36:55 Imperial Age
36:51 Heavy Plow
38:09 Conscription
37:37 Legionary
38:57 Ballistas
38:57 Pikeman
40:09 Halberdier
41:47 Heavy Scorpion
44:22 Blast Furnace
PAPA FRANCISCO
11:27 Feudal Age
14:13 Castle Age
12:18 Double-Bit Axe
12:50 Horse Collar
17:58 Bow Saw
18:50 Town Watch
21:08 Heavy Plow
24:16 Loom
25:06 Wheelbarrow
25:00 Bloodlines
25:03 Fletching
29:50 Imperial Age
29:06 Ballistics
29:25 Bodkin Arrow
31:40 Chemistry
30:10 Light Cavalry
31:31 Heavy Scorpion
33:15 Conscription
33:12 Double Crossbow
34:18 Bracer
35:02 Hussar
39:58 Fervor
40:17 Illumination
40:38 Theocracy
Connection lost

Rejoining the realm…

Still unreachable

The connection could not be restored.

Session expired

The server has moved on; the page needs a fresh start.